 Dungeon Crawl Stone Soup version 0.26-a0-366-gd6aadd2 (webtiles) character file.

Game seed: 357787444449718536

161 MrTaco21 the Cudgeler (level 5, -2/32 HPs)
             Began as a Gargoyle Fighter on July 19, 2020.
             Slain by LitLit's ghost (5 damage)
             ... on level 3 of the Dungeon.
             The game lasted 00:03:33 (3257 turns).

MrTaco21 the Cudgeler (Gargoyle Fighter)            Turns: 3257, Time: 00:03:34

Health: -2/32      AC: 13    Str: 20    XL:     5   Next: 42%
Magic:  5/5        EV:  5    Int:  9    God:
Gold:   201        SH:  9    Dex:  9    Spells: 4/4 levels left

rFire    + . .     SeeInvis .   h - -1 mace (curse)
rCold    . . .     Faith    .   c - +0 kite shield
rNeg     + . .     Spirit   .   p - +0 chain mail (curse)
rPois    ∞         Reflect  .   (no helmet)
rElec    +         Harm     .   (no cloak)
rCorr    +                      (no gloves)
MR       .....                  (no boots)
Stlth    ..........             (no amulet)
HPRegen  0.10/turn              j - ring of resist corrosion
MPRegen  0.09/turn              i - ring of protection from fire

@: no status effects
A: negative energy resistance 1, electricity resistance, unbreathing,
petrification resistance, rot immunity, AC +4
a: no special abilities


You were on level 3 of the Dungeon.
You visited 1 branch of the dungeon, and saw 3 of its levels.

You collected 201 gold pieces.

Inventory:

Hand Weapons
 a - a +0 flail
 h - a cursed -1 mace (weapon)
   (You found it on level 1 of the Dungeon)
Armour
 c - a +0 kite shield (worn)
 p - a cursed +0 chain mail (worn)
   (You took it off Terence on level 2 of the Dungeon)
Jewellery
 i - a ring of protection from fire (right hand)
   (You found it on level 3 of the Dungeon)
 j - a ring of resist corrosion (left hand)
   (You found it on level 1 of the Dungeon)
Scrolls
 b - a scroll of enchant weapon {unknown}
 f - 3 scrolls of remove curse {unknown}
 g - a scroll of teleportation {unknown}
 l - a scroll of enchant armour {unknown}
 o - 2 scrolls of identify {unknown}
Potions
 d - a potion of might
 e - 3 potions of resistance {unknown}
 k - 2 potions of heal wounds {unknown}
 m - 2 potions of ambrosia {unknown}
 n - a potion of flight {unknown}
 q - 4 potions of curing {unknown}
 r - a potion of degeneration {unknown}
 s - 2 potions of brilliance {unknown}


   Skills:
 - Level 3.2 Fighting
 + Level 5.4 Maces & Flails
 - Level 3.2 Armour
 - Level 3.2 Shields


You had 4 spell levels left.
You didn't know any spells.
Your spell library contained the following spells:

 Spells                   Type           Power        Failure   Level
 Magic Dart               Conj           #...         100%        1
 Searing Ray              Conj           #.....       100%        2
 Dazzling Flash           Conj/Hex       #.....       100%        3
 Fulminant Prism          Conj/Hex       #.........   100%        4
 Iskenderun's Mystic Bla  Conj/Tloc      #.......     100%        4


Dungeon Overview and Level Annotations

Branches:
Dungeon (3/15)

Altars:

Annotations:
D:3 LitLit's ghost, weakling DrTm


Innate Abilities, Weirdness & Mutations

You are resistant to torment.
Your stone body is resilient. (AC +4)
You are immune to poison.
You resist negative energy. (rN+)
You are resistant to electric shocks. (rElec)
You can survive without breathing.
You are immune to petrification.
You are immune to rotting.


Message History

You see here a ring mail.
You see here a scale mail.
Partly explored, can't reach some items and places.
s - a ring of protection from fire (right hand)
i - a ring of protection from fire (right hand)
s - 2 glowing yellow potions As you open the large door, it creaks loudly!
You closely miss LitLit's ghost. You block LitLit's ghost's attack.
You barely miss LitLit's ghost. You block LitLit's ghost's attack.
LitLit's ghost hits you but does no damage.
You hit LitLit's ghost but do no damage.
LitLit's ghost hits you but does no damage.
You closely miss LitLit's ghost. You block LitLit's ghost's attack.
You hit LitLit's ghost but do no damage.
LitLit's ghost hits you. x2
You hit LitLit's ghost. You block LitLit's ghost's attack.
You miss LitLit's ghost.
LitLit's ghost whispers, "Everlasting silence awaits you..."
You block LitLit's ghost's attack.
You completely miss LitLit's ghost. You block LitLit's ghost's attack.
You miss LitLit's ghost. LitLit's ghost hits you. x2
You hit LitLit's ghost but do no damage.
LitLit's ghost says very slowly, "There's no hope."
You block LitLit's ghost's attack.
You closely miss LitLit's ghost.
LitLit's ghost hits you but does no damage.
You hit LitLit's ghost. You block LitLit's ghost's attack.
You hit LitLit's ghost. LitLit's ghost hits you.
* * * LOW HITPOINT WARNING * * *
LitLit's ghost hits you but does no damage.
You closely miss LitLit's ghost.
LitLit's ghost hits you but does no damage.
Unknown command.
You closely miss LitLit's ghost.
LitLit's ghost hits you but does no damage.
You closely miss LitLit's ghost.
LitLit's ghost hits you but does no damage.
Unknown command.
Unknown command.
You closely miss LitLit's ghost. LitLit's ghost hits you.
* * * LOW HITPOINT WARNING * * *
You hit LitLit's ghost.
LitLit's ghost wails, "You must not succeed where I failed!"
LitLit's ghost hits you.
* * * LOW HITPOINT WARNING * * *
LitLit's ghost wails, "They lied to you.
The Dungeon just goes down and down forever."
LitLit's ghost barely misses you.
Unknown command.
You hit LitLit's ghost. LitLit's ghost hits you.
You die...

#.#.#.#
#...............#...
..#.#.#
#.########.######...
###.#.# #.## ## ####
#... #.#.#
#..##.##≈# #...
#.#.#
##..#≈.≈############
#...#
#..#≈..≈.#.......##
#####
#..'.#..########.##
#..W$.≈(.# #.##
##@#≈⌠..## #.##
#.#.≈#.# #.##
####..## #... ###
####


You could see LitLit's ghost.

Vanquished Creatures
  Terence (D:2)
  3 gnolls
  3 adders
  4 dart slugs
  2 leopard geckos (D:3)
  5 orcs (D:3)
  2 ball pythons (D:3)
  6 bats
  3 giant cockroaches
  11 goblins
  5 hobgoblins
  A jackal (D:3)
  9 kobolds
  A quokka (D:2)
  5 frilled lizards
  8 rats
69 creatures vanquished.

Notes
Turn   | Place    | Note
-------+----------+-------------------------------------------
     0 | D:1      | MrTaco21 the Gargoyle Fighter began the quest for the Orb.
     0 | D:1      | Reached XP level 1. HP: 14/14 MP: 1/1
   186 | D:1      | Reached XP level 2. HP: 19/19 MP: 2/2
   446 | D:1      | Reached skill level 3 in Maces & Flails
   777 | D:1      | Reached XP level 3. HP: 23/23 MP: 3/3
  1058 | D:2      | Noticed Terence
  1089 | D:2      | Killed Terence
  1089 | D:2      | Reached skill level 4 in Maces & Flails
  1089 | D:2      | Reached XP level 4. HP: 14/28 MP: 4/4
  1342 | D:2      | HP: 1/28 [gnoll/+0 mace (5)]
  2156 | D:3      | Reached skill level 5 in Maces & Flails
  2156 | D:3      | Reached XP level 5. HP: 27/32 MP: 5/5
  2503 | D:3      | Found a large runed translucent door.
  2504 | D:3      | Found a large runed translucent door.
  2505 | D:3      | Noticed LitLit's ghost (weakling DrTm)
  3257 | D:3      | Slain by LitLit's ghost

Illustrated notes

Levels and vault maps discovered:
D:1:      dpeg_arrival_simpleton_a, layout_basic
D:2:      layout_rooms, uniq_terence
D:3:      layout_basic, ebering_ghost_disaster_area,
          minmay_randomly_rotated_circles

Skill      XL: |  1  2  3  4 |
---------------+-------------+-----
Maces & Flails | 3 4 5 |  5.4
Fighting       | |  3.2
Armour         | |  3.2
Shields        | |  3.2

Action                   |  1- 3 |  4- 6 || total
-------------------------+-------+-------++-------
Melee: Flail             |    18 |       ||    18
       Mace              |    85 |   250 ||   335
Armor: Scale mail        |    70 |    48 ||   118
       Chain mail        |       |   106 ||   106
Dodge: Dodged            |    34 |    71 ||   105
Block: Kite shield       |    63 |   124 ||   187

Table legend: (Time is in decaauts)
 A = Elapsed time spent in this place.
 B = Non-inter-level travel time spent in this place.
 C = Inter-level travel time spent in this place.
 D = Time resting spent in this place.
 E = Time spent auto-exploring this place.
 F = Levels seen in this place.
 G = Mean time per level.
                   A        B        C        D        E       F      G
               +--------+--------+--------+--------+--------+-----+--------+
         Total |   3348 |   3283 |     65 |    515 |   2034 |   3 | 1116.0 |
       Dungeon |   3348 |   3283 |     65 |    515 |   2034 |   3 | 1116.0 |
               +--------+--------+--------+--------+--------+-----+--------+
